 Dungeon Crawl Stone Soup version 0.28-a0-397-g1a7b1a870f (webtiles) character file.

Game seed: 11438199609271391204

140 Decipherer the Poker (level 5, -3/42 HPs)
             Began as a Demonspawn Berserker on Sept 4, 2021.
             Was a Believer of Trog.
             Slain by Grinder (6 damage)
             ... while paralysed by Grinder
             ... on level 3 of the Dungeon.
             The game lasted 00:03:35 (3189 turns).

Decipherer the Poker (Demonspawn Berserker)         Turns: 3189, Time: 00:03:36

Health: -3/42      AC: 11    Str: 18    XL:     5   Next: 2%
Magic:  5/5        EV:  2    Int:  8    God:    Trog [**....]
Gold:   131        SH:  0    Dex: 15    Spells: 4/4 levels left

rFire   . . .      SeeInvis .   a - +0 spear
rCold   . . .      Faith    .   (no shield)
rNeg    . . .      Spirit   .   i - +0 chain mail
rPois   .          Reflect  .   (no helmet)
rElec   .          Harm     .   o - +0 cloak
rCorr   .          Rampage  .   (no gloves)
Will    +....                   (no boots)
Stlth   ..........              (no amulet)
HPRegen 0.14/turn               (no ring)
MPRegen 0.09/turn               (no ring)

@: paralysed, mighty, on berserk cooldown, attractive, slowed
A: claws 2, thin metallic scales 1, agile 1, strong-willed 1, MP-powered wands
a: Renounce Religion, Berserk, Trog's Hand


You were on level 3 of the Dungeon.
You worshipped Trog.
Trog was pleased with you.
You visited 1 branch of the dungeon, and saw 3 of its levels.

You collected 131 gold pieces.

Inventory:

Hand Weapons
 a - a +0 spear (weapon)
Armour
 i - a +0 chain mail (worn)
 o - a +0 cloak (worn)
Scrolls
 b - a scroll of enchant weapon {unknown}
 d - 2 scrolls of teleportation {unknown}
 e - 2 scrolls of identify {unknown}
 k - a scroll of amnesia {unknown}
 l - 3 scrolls of brand weapon {unknown}
 m - a scroll of fog {unknown}
Potions
 g - a potion of degeneration {unknown}
 h - a potion of attraction
 j - a potion of brilliance {unknown}


   Skills:
 + Level 3.8 Fighting
 + Level 4.2 Polearms
 + Level 2.2 Armour
 + Level 2.1 Dodging
 + Level 0.1 Stealth


You had 4 spell levels left.
You didn't know any spells.
Your spell library contained the following spells:

 Spells                   Type           Power      Damage    Failure   Level
 Dazzling Flash           Conj/Hex       0%         N/A       100%        3
 Ozocubu's Armour         Ice            0%         N/A       100%        3
 Iskenderun's Mystic Bla  Conj/Tloc      0%         2d3       100%        4
 Starburst                Conj/Fire      0%         6d3       100%        6
 Ozocubu's Refrigeration  Ice            0%         4d5       100%        7


Dungeon Overview and Level Annotations

Branches:
Dungeon (3/15)

Altars:

Annotations:
D:3 Grinder


Innate Abilities, Weirdness & Mutations

You have very sharp fingernails.
You are partially covered in thin metallic scales. (AC +2)
You are agile. (Dex +2)
You are strong-willed. (Will+)
You expend magic power (3 MP) to strengthen your wands.


Message History

The ball python constricts you. Grinder hits you but does no damage.
The ball python barely misses you. The ball python constricts you.
Grinder hits you.
You writhe in agony.
* * * LOW HITPOINT WARNING * * *
It was a potion of curing.
You feel better. Grinder completely misses you.
The ball python bites you but does no damage.
The ball python constricts you. Grinder hits you but does no damage.
The ball python closely misses you. The ball python constricts you.
It was a potion of might.
You feel very mighty all of a sudden. Grinder hits you but does no damage.
The ball python barely misses you. The ball python constricts you.
Grinder closely misses you. The ball python barely misses you.
The ball python constricts you.
You hit the ball python.
You kill the ball python!
Trog accepts your kill. Grinder hits you.
You writhe in agony.
Grinder hits you but does no damage.
You puncture Grinder!
Grinder is moderately wounded.
Grinder gestures at you. Pain shoots through your body!
* * * LOW HITPOINT WARNING * * *
Grinder hits you but does no damage.
You barely miss Grinder.
Grinder is moderately wounded.
Grinder says, "FISH!"
Grinder gestures at you. You resist with almost no effort.
Grinder gestures at you.
You suddenly lose the ability to move!
Grinder hits you but does no damage. Grinder gestures at you.
You resist with some effort. Grinder hits you but does no damage.
Grinder hits you.
* * * LOW HITPOINT WARNING * * *
You writhe in agony.
* * * LOW HITPOINT WARNING * * *
Grinder hits you.
You die...

#.....#......#
##'###########
#.# #.# #.#
#.# ## ###)#
.. #...#.##
#..#@5..#
#...†..$.#
#..........#
#.####..#...
#. ...<#$ #
#.### .. ###


You could see Grinder (fast).

Vanquished Creatures
  Jessica (D:3)
  5 adders
  An adder zombie (D:2)
  2 dart slugs
  4 orcs (D:3)
  3 ball pythons
  7 bats
  A bat zombie (D:2)
  7 endoplasms
  3 goblins
  5 hobgoblins
  3 quokkas
  5 frilled lizards
  A giant cockroach zombie (D:2)
  5 kobolds
  A quokka skeleton (D:2)
  A quokka zombie (D:2)
  5 rats
60 creatures vanquished.

Vanquished Creatures (others)
  A withered plant (D:2)
1 creature vanquished.

Grand Total: 61 creatures vanquished

Notes
Turn   | Place    | Note
-------+----------+-------------------------------------------
     0 | D:1      | Decipherer the Demonspawn Berserker began the quest for the
                  | Orb.
     0 | D:1      | Reached XP level 1. HP: 18/18 MP: 1/1
   324 | D:1      | Gained mutation: You are partially covered in thin metallic
                  | scales. (AC +2) [demonic ancestry]
   324 | D:1      | Reached XP level 2. HP: 20/24 MP: 2/2
   395 | D:1      | Reached skill level 3 in Polearms
  1039 | D:2      | Reached ** piety under Trog
  1336 | D:2      | Reached XP level 3. HP: 25/29 MP: 3/3
  2171 | D:3      | Gained mutation: You have sharp fingernails. [demonic
                  | ancestry]
  2171 | D:3      | Reached XP level 4. HP: 36/37 MP: 4/4
  2229 | D:3      | Noticed Jessica
  2237 | D:3      | Killed Jessica
  2238 | D:3      | Reached skill level 4 in Polearms
  2449 | D:3      | Found a faded altar of an unknown god.
  3054 | D:3      | Gained mutation: You have very sharp fingernails. [demonic
                  | ancestry]
  3054 | D:3      | Reached XP level 5. HP: 37/42 MP: 5/5
  3161 | D:3      | Noticed Grinder
  3180 | D:3      | Gained mutation: You have sharp toenails. [potion of
                  | mutation]
  3180 | D:3      | Gained mutation: You are frail. (-10% HP) [potion of
                  | mutation]
  3180 | D:3      | Gained mutation: You are very frail. (-20% HP) [potion of
                  | mutation]
  3181 | D:3      | Lost mutation: You are very frail. (-20% HP) [potion of
                  | mutation]
  3181 | D:3      | Lost mutation: You are frail. (-10% HP) [potion of
                  | mutation]
  3181 | D:3      | Lost mutation: You have sharp toenails. [potion of
                  | mutation]
  3181 | D:3      | Gained mutation: You expend magic power (3 MP) to
                  | strengthen your wands. [potion of mutation]
  3181 | D:3      | Gained mutation: You are agile. (Dex +2) [potion of
                  | mutation]
  3181 | D:3      | Gained mutation: You are strong-willed. (Will+) [potion of
                  | mutation]
  3186 | D:3      | Paralysed by Grinder for 4 turns
  3189 | D:3      | Slain by Grinder

Illustrated notes

Levels and vault maps discovered:
D:1:      dpeg_arrival_rooms_b, layout_loops_corners
D:2:      layout_basic, serial_undead, serial_undead_c, serial_undead_d,
          serial_undead_f, serial_undead_c
D:3:      layout_basic, hellmonk_ecumenical_altar_prayer_group, uniq_jessica,
          uniq_grinder

Skill      XL: |  1  2  3  4 |
---------------+-------------+-----
Polearms       | 3 4 |  4.2
Armour         | 2 |  2.2
Dodging        | 2 |  2.1
Fighting       | |  3.8
Stealth        | |  0.1

Action                   |  1- 3 |  4- 6 || total
-------------------------+-------+-------++-------
Melee: Spear             |   142 |   120 ||   262
Invok: Berserk           |       |     1 ||     1
  Use: Potion            |       |     5 ||     5
 Stab: Sleeping          |     1 |       ||     1
Armor: Animal skin       |    21 |       ||    21
       Chain mail        |    37 |    64 ||   101
       Skin              |     1 |       ||     1
Dodge: Dodged            |    57 |    41 ||    98

Table legend: (Time is in decaauts)
 A = Elapsed time spent in this place.
 B = Non-inter-level travel time spent in this place.
 C = Inter-level travel time spent in this place.
 D = Time resting spent in this place.
 E = Time spent auto-exploring this place.
 F = Levels seen in this place.
 G = Mean time per level.
                   A        B        C        D        E       F      G
               +--------+--------+--------+--------+--------+-----+--------+
         Total |   3172 |   3129 |     43 |      0 |   2702 |   3 | 1057.3 |
       Dungeon |   3172 |   3129 |     43 |      0 |   2702 |   3 | 1057.3 |
               +--------+--------+--------+--------+--------+-----+--------+

Top non-repeatable levels by time:
     D:2: 1177 daAuts
     D:3: 1019 daAuts
     D:1: 974 daAuts
